 Dungeon Crawl Stone Soup version 0.20.0-8-g6b59dc7 (webtiles) character file.

114 JarielCorvus the Magician (level 4, 0/24 HPs)
             Began as a Deep Elf Wizard on June 2, 2017.
             Succumbed to an adder's poison
             ... on level 2 of the Dungeon.
             The game lasted 00:10:52 (2629 turns).

JarielCorvus the Magician (Deep Elf Wizard)         Turns: 2629, Time: 00:10:53

Health: 0/24       AC:  3    Str:  3 (6)  XL:     4   Next: 67%
Magic:  13/14      EV: 12    Int: 24 (26) God:
Gold:   85         SH:  0    Dex: 12 (13) Spells: 5/16 levels left

rFire    . . .     SeeInvis .   l - +2 short sword
rCold    . . .     Gourm    .   (no shield)
rNeg     . . .     Faith    .   a - +1 robe
rPois    .         Spirit   .   b - +0 hat
rElec    .         Reflect  .   (no cloak)
rCorr    .         Harm     .   (no gloves)
MR       .....                  (no boots)
Stlth    ++........             (no amulet)
Regen    0.1/turn               (no ring)
MPRegen  0.2/turn               (no ring)

@: lethally poisoned (0 -> -3)
A: clever 1, strong 1, sturdy frame 1
a: no special abilities


You were on level 2 of the Dungeon.
You were hungry.

You visited 1 branch of the dungeon, and saw 3 of its levels.

You collected 85 gold pieces.

Inventory:

Hand Weapons
 l - a +2 short sword (weapon)
Armour
 a - a +1 robe (worn)
 b - a +0 hat (worn)
Jewellery
 o - an uncursed ring of ice {unknown}
 s - a +3 amulet of reflection {unknown}
Scrolls
 g - a scroll of fog
 m - a scroll of remove curse
Books
 c - a book of Minor Magic

   Spells                             Type                      Level
   a - Magic Dart                     Conjuration                  1
   b - Blink                          Translocation                2
   c - Call Imp                       Summoning                    2
   d - Slow                           Hexes                        2
   e - Conjure Flame                  Conjuration/Fire             3
   f - Mephitic Cloud                 Conjuration/Poison/Air       3
Comestibles
 d - 2 bread rations
 f - 3 meat rations


   Skills:
 - Level 2.4 Dodging
 - Level 2.4 Stealth
 * Level 6.6 Spellcasting
 + Level 2.9 Conjurations
 - Level 1.1 Summonings
 - Level 1.1 Translocations


You had 5 spell levels left.
You knew the following spells:

 Your Spells              Type           Power        Failure   Level  Hunger
a - Magic Dart            Conj           ###.         2%          1    None
b - Blink                 Tloc           N/A          7%          2    None
c - Call Imp              Summ           ##......     7%          2    None
d - Conjure Flame         Conj/Fire      ###.....     12%         3    None
e - Mephitic Cloud        Conj/Pois/Air  ##......     16%         3    None


Dungeon Overview and Level Annotations

Branches:
Dungeon (3/15)

Altars:
Dithmenos
Trog
Yredelemnul

Annotations:
D:3 Darkell's ghost, amateur DsIE


Innate Abilities, Weirdness & Mutations

Your mind is acute. (Int +2)
Your muscles are strong. (Str +2)
Your movements are slightly less encumbered by armour. (ER -2)


Message History

* * * LOW HITPOINT WARNING * * *
You feel sick. The adder bites you.
* * * LOW HITPOINT WARNING * * *
The adder bites you but does no damage.
* * * LOW HITPOINT WARNING * * *
You feel sick. The adder closely misses you. The adder closely misses you.
* * * LOW HITPOINT WARNING * * *
You feel sick. The adder bites you but does no damage.
* * * LOW HITPOINT WARNING * * *
You feel sick. The adder barely misses you.
The adder bites you but does no damage. The adder barely misses you.
* * * LOW HITPOINT WARNING * * *
You feel sick. The adder bites you.
* * * LOW HITPOINT WARNING * * *
You aren't carrying any potions.
Okay, then.
You die...

#.#.#..#.###.....# # #.#.#..#.#
#.....# #.#....#.# #.....####
#.#..#.#.# #.........
#......#.# #.....###.
###.S....# ###..####. ##S#####
#.....#. #.# ##.##.#. ####@####
#...... ######### #.......#
####.## #.......# #.#..##.# #.#
#.#####.###.#..##.##########.##
#
#.........###'###..........(...
#
#..####.###.....########.....##
###.......##..P⌠P..## #.#####
.....#######....P...# ##.##
###### ##_._._### #...#


You could see 2 adders.

Vanquished Creatures
  An iguana (D:2)
  2 adders
  An ooze (D:2)
  4 worms (D:2)
  3 dart slugs
  5 orcs
  2 giant cockroaches
  8 goblins
  A hobgoblin (D:1)
  8 kobolds
  3 bats (D:1)
  5 frilled lizards
  5 rats
48 creatures vanquished.

Notes
Turn   | Place    | Note
-------+----------+-------------------------------------------
     0 | D:1      | JarielCorvus the Deep Elf Wizard began the quest for the Orb.
     0 | D:1      | Reached XP level 1. HP: 10/10 MP: 7/7
   276 | D:1      | Reached skill level 5 in Spellcasting
   276 | D:1      | Reached XP level 2. HP: 15/15 MP: 5/10
   286 | D:1      | Learned a level 2 spell: Blink
   290 | D:1      | Learned a level 2 spell: Call Imp
   958 | D:1      | Reached XP level 3. HP: 19/19 MP: 4/12
  1294 | D:1      | Learned a level 3 spell: Conjure Flame
  1298 | D:1      | Learned a level 3 spell: Mephitic Cloud
  1582 | D:2      | Found a shadowy altar of Dithmenos.
  1598 | D:2      | Reached skill level 6 in Spellcasting
  1903 | D:2      | Found a basalt altar of Yredelemnul.
  1903 | D:2      | Found a bloodstained altar of Trog.
  1941 | D:2      | Reached XP level 4. HP: 12/24 MP: 7/14
  2072 | D:2      | Gained mutation: You have a pair of small horns on your head. [potion of mutation]
  2072 | D:2      | Gained mutation: You have a somewhat thin skeletal structure. (Dex +2, Stealth) [potion of mutation]
  2075 | D:2      | Lost mutation: You have a somewhat thin skeletal structure. (Dex +2, Stealth) [potion of mutation]
  2075 | D:2      | Lost mutation: You have a pair of small horns on your head. [potion of mutation]
  2075 | D:2      | Gained mutation: Your mind is acute. (Int +2) [potion of mutation]
  2075 | D:2      | Gained mutation: Your movements are slightly less encumbered by armour. (ER -2) [potion of mutation]
  2075 | D:2      | Gained mutation: Your muscles are strong. (Str +2) [potion of mutation]
  2608 | D:3      | Noticed Darkell's ghost (amateur DsIE)
  2628 | D:2      | HP: 1/24 [adder (1)]
  2629 | D:2      | Succumbed to an adder's poison

Skill      XL: |  1  2  3 |
---------------+----------+-----
Spellcasting   | 5 6 |  6.6
Conjurations   | 2 |  2.9
Dodging        | |  2.4
Stealth        | |  2.4
Summonings     | |  1.1
Translocations | |  1.1

Action                   |  1- 3 |  4- 6 || total
-------------------------+-------+-------++-------
Melee: Unarmed           |    22 |       ||    22
       Short sword       |       |     5 ||     5
 Cast: Magic Dart        |    95 |    47 ||   142
       Conjure Flame     |       |     3 ||     3
  Use: Scroll            |       |     8 ||     8
       Potion            |       |     5 ||     5
  Eat: Bread ration      |     1 |       ||     1
Armor: Robe              |     7 |    10 ||    17
Dodge: Dodged            |    22 |    27 ||    49
